 Dungeon Crawl Stone Soup version 0.30-b1-2-g02819fbbbe (webtiles) character file.

Game seed: 16061272876911416175

291 erloom the Ruffian (level 6, -1/47 HPs)
             Began as a Draconian Transmuter on May 18, 2023.
             Killed from afar by an orc wizard (10 damage)
             ... with a puff of flame
             ... on level 3 of the Dungeon.
             The game lasted 00:08:32 (3761 turns).

erloom the Ruffian (Draconian Transmuter)           Turns: 3761, Time: 00:08:33

Health: -1/47      AC:  8    Str: 19    XL:     6   Next: 10%
Magic:  9/9        EV: 12    Int: 15    God:
Gold:   134        SH:  0    Dex: 11    Spells: 5/9 levels left

rFire   . .          .
                       - Unarmed
rCold   + . .        (no shield)
rNeg    . . .        (body armour unavailable)
rPois   .            (helmet restricted)
rElec   .            (no cloak)
rCorr   .            c - +0 pair of gloves
SInv    .            r - +0 pair of boots
Will    .....        (no amulet)
Stlth   +            i - +6 ring of strength
HPRegen 0.27/turn    k - ring of protection from cold
MPRegen 0.11/turn

%: no passive effects
@: no status effects
A: AC +6, unfitting armour, cold-blooded
a: no special abilities


You were on level 3 of the Dungeon.
You visited 1 branch of the dungeon, and saw 4 of its levels.

You collected 134 gold pieces.

Inventory:

Hand Weapons
 n - the +7 Throatcutter {drain, coup de grace}
   (You took it off Terence on level 2 of the Dungeon)
Armour
 c - a +0 pair of gloves (worn)
 r - a +0 pair of boots (worn)
Jewellery
 i - a +6 ring of strength (left hand)
 k - a ring of protection from cold (right hand)
Scrolls
 b - a scroll of vulnerability {unknown}
 f - 2 scrolls of enchant weapon {unknown}
 h - 2 scrolls of fog {unknown}
 l - a scroll of enchant armour {unknown}
 m - a scroll of fear {unknown}
 p - 3 scrolls of identify {unknown}
 q - a scroll of magic mapping {unknown}
Potions
 a - a potion of lignification
 d - a potion of flight {unknown}
 e - a potion of attraction {unknown}
 g - 2 potions of haste {unknown}
 j - a potion of cancellation {unknown}
 o - 3 potions of curing {unknown}
 s - a potion of invisibility {unknown}


   Skills:
 - Level 1.1 Fighting
 - Level 1.7 Dodging
 - Level 5.0 Unarmed Combat
 + Level 2.0 Spellcasting
 + Level 4.5 Transmutations
 - Level 2.0 Poison Magic


You had 5 spell levels left.
You knew the following spells:

 Your Spells              Type           Power      Damage    Failure   Level
a - Beastly Appendage     Tmut           30%        N/A       3%          1
b - Spider Form           Tmut/Pois      11%        N/A       17%         3

Your spell library contained the following spells:

 Spells                   Type           Power      Damage    Failure   Level
 Wereblood                Tmut           15%        N/A       5%          2
 Apportation              Tloc           2%         N/A       22%         1
 Necrotise                Necr           4%         1d4       22%         1
 Summon Small Mammal      Summ           4%         N/A       22%         1
 Ozocubu's Armour         Ice            1%         N/A       54%         3
 Ice Form                 Ice/Tmut       8%         N/A       65%         4
 Ozocubu's Refrigeration  Ice            0%         4d7       100%        7


Dungeon Overview and Level Annotations

Branches:
Dungeon (4/15)
 Temple: D:4-7

Altars:
The Shining One

Annotations:
D:2 Sigmund
D:3 1 runed translucent door, Arcadio's ghost, weakling DjFE


Innate Abilities, Weirdness & Mutations

Your plain brown scales are hard. (AC +6)
You cannot fit into any form of body armour.
You are cold-blooded and may be slowed by cold attacks.


Message History

You closely miss something. You barely miss something.
Something hits you but does no damage. Something hits you but does no damage.
The orc priest mumbles some strange prayers to Beogh against you.
Beogh smites you! Something hits you. Something hits you.
Your transformation is almost over.
Something hits you.
* * * LOW HITPOINT WARNING * * *
Something hits you but does no damage.
There is a stone staircase leading up here.
You hear some strange, mumbled words.
A puff of flame appears from out of thin air!
The puff of flame hits you.
* * * LOW HITPOINT WARNING * * *
The orc throws a boomerang of dispersal.
The boomerang of dispersal hits you but does no damage.
You climb upwards.
Level annotation: 1 runed translucent door, Arcadio's ghost, weakling DjFE Reactivating autopickup.
There is a stone staircase leading down here.
Deactivating autopickup; reactivate with Ctrl-A.
You hit something but do no damage. Your kick misses something.
Something hits you but does no damage.
You miss something. Your kick misses something.
Your tail-slap misses something.
Your horns disappear.
Your talons disappear.
Your +0 pair of boots unmelds from your body.
Something hits you.
* * * LOW HITPOINT WARNING * * *
You closely miss something. Something hits you.
* * * LOW HITPOINT WARNING * * *
You miss something. You punch something. Something hits you.
* * * LOW HITPOINT WARNING * * *
You closely miss something. Your punch misses something.
You hear some strange, mumbled words.
A puff of flame appears from out of thin air!
The puff of flame hits you!
You die...

...#...#...........#.#.##........
##.#.#.#...........#.#.##.......#
.....#.....#####+#.#.#.##........
P.P..#.....#####.#.#.#.#.........
♣)P#.#.....+.........#...........
♣....##....#####....####.........
.♣♣♣...........'....'..#.........
..♣♣###...######....##.#.#####.#.
PP.♣♣##...# #@{..##.#.# #.#.
..PP.##...# #....##.#.# #.#.
.♣♣.P##...# #....##.#.# #.#.
§♣~♣♣##...# #....##.#.# #...
§P♣♣......# #....##†#.########
§P§.###...# #..[...........#
#§♣## #...######..............###
..♣# #.......##..............'..
.P.# ##.##'#####..............###


There were no monsters in sight!

Vanquished Creatures
  2 hounds (D:4)
  An orc priest (D:3)
  Terence (D:2)
  2 gnolls (D:3)
  5 adders (D:2)
  3 worms (D:2)
  A dart slug (D:2)
  12 orcs
  9 endoplasms
  6 giant cockroaches
  5 goblins
  6 hobgoblins
  4 jackals
  6 quokkas
  7 ball pythons
  6 bats
  2 frilled lizards (D:2)
  10 kobolds
  5 rats
93 creatures vanquished.

Vanquished Creatures (others)
  17 plants (D:3)
17 creatures vanquished.

Grand Total: 110 creatures vanquished

Notes
Turn   | Place    | Note
-------+----------+-------------------------------------------
     0 | D:1      | erloom the Draconian Transmuter began the quest for the
                  | Orb.
     0 | D:1      | Reached XP level 1. HP: 16/16 MP: 3/3
   170 | D:1      | Reached XP level 2. HP: 23/23 MP: 5/5
   369 | D:1      | Reached skill level 4 in Unarmed Combat
   868 | D:2      | Reached XP level 3. HP: 26/28 MP: 6/6
   958 | D:2      | Noticed Sigmund
  1352 | D:2      | Noticed Terence
  1358 | D:2      | Reached XP level 4. HP: 32/35 MP: 7/7
  1375 | D:2      | Killed Terence
  1376 | D:2      | Reached skill level 5 in Unarmed Combat
  1729 | D:3      | Reached XP level 5. HP: 23/38 MP: 8/8
  1905 | D:3      | Learned a level 3 spell: Spider Form
  2066 | D:3      | Found a glowing golden altar of the Shining One.
  2177 | D:3      | Reached skill level 1 in Poison Magic
  2492 | D:3      | Found a runed translucent door.
  2494 | D:3      | Noticed Arcadio's ghost (weakling DjFE)
  3582 | D:4      | Reached XP level 6. HP: 47/47 MP: 7/9
  3761 | D:3      | Killed from afar by an orc wizard

Illustrated notes

Levels and vault maps discovered:
D:1:      wheals_arrival_linesprint, layout_loops_ring
D:2:      layout_basic, uniq_sigmund, uniq_terence
D:3:      wad_woods_stonehenge, layout_basic, ebering_ghost_inner_flame,
          lightli_corner_chamber
D:4:      layout_basic

Skill      XL: |  1  2  3  4  5 |
---------------+----------------+-----
Unarmed Combat | 4 5 |  5.0
Transmutations | 3 4 |  4.5
Poison Magic   | 2 |  2.0
Fighting       | |  1.1
Dodging        | |  1.7
Spellcasting   | |  2.0

Action                     |  1- 3 |  4- 6 || total
---------------------------+-------+-------++-------
  Melee: Unarmed           |   107 |   160 ||   267
         Tailslap          |    11 |    16 ||    27
         Kick              |     6 |    18 ||    24
         Headbutt          |     3 |    10 ||    13
         Punch             |     1 |     5 ||     6
   Cast: Beastly Appendage |     3 |    12 ||    15
    Use: Potion            |       |     1 ||     1
   Stab: Sleeping          |     1 |       ||     1
 Armour: Skin              |    29 |    49 ||    78
  Dodge: Dodged            |    80 |    88 ||   168
